AoeStats
← The_NK

Arabia

505131099Analyzed
1v1 RM · 24d ago on Sep 8, 2026· 25m 58s· 2 players
Game mode
Random Map
Map size
Tiny (2 player)
Population
200
Speed
Normal
Resources
Standard
Victory
Conquest
Starting age
Dark Age
Ending age
Imperial Age
RankedLock teamsTeams togetherTeam positionsShared explorationLock speedFull tech treeHidden civsTurbo modeCheats
Victory
Defeat
🇺🇸 Tatars · United States
1048
+18
🇺🇸 Maya · United States
1102
-18
The_NK
0:27 Loom
9:30 Feudal Age
10:07 Double-Bit Axe
10:10 Man-at-Arms
18:21 Fletching
24:54 Castle Age
Sylvur
6:44 Loom
9:33 Feudal Age
9:43 Man-at-Arms
10:21 Double-Bit Axe
12:08 Horse Collar
13:02 Scale Mail Armor
15:17 Wheelbarrow
16:55 Fletching
23:23 Castle Age
21:48 Gold Mining
23:43 Padded Archer Armor
Connection lost

Rejoining the realm…

Still unreachable

The connection could not be restored.

Session expired

The server has moved on; the page needs a fresh start.